Map: [ESL] Moondance

Players

Nina - Winner!

  • Race: Protoss Protoss
  • Spawn Location: 6:00

Reaper

  • Race: Zerg Zerg
  • Spawn Location: 12:00

Event: DreamHack SC2 Masters 2022 Atlanta (Online)

VOD

Have the link to the VOD?

Description

Time

  • Played on: Oct. 4, 2022, 4:52 p.m.
  • Length: 8:16

All games in this series

Show
View Real Time Build Order
Export as new Build Order

Nina Protoss - Winner!

Build Orders: Oracle Opening 

Get SALT Encoding   

  12  0:00  Probe  
  13  0:12  Probe  
  14  0:18  Pylon  
  14  0:24  Probe (Chrono Boost)  
  15  0:36  Probe (Chrono Boost)  
  15  0:37  Gateway  
  16  0:45  Probe (Chrono Boost)  
  17  0:50  Assimilator  
  17  0:51  Probe  
  18  1:03  Probe  
  19  1:14  Assimilator  
  19  1:15  Probe  
  20  1:24  Cybernetics Core  
  20  1:25  Pylon  
  20  1:26  Zealot  
  20  1:28  Probe  
  23  1:43  Probe  
  24  1:56  Probe  
  24  2:01  Adept  
  27  2:06  Stargate  
  27  2:09  Probe  
  28  2:19  Pylon  
  28  2:21  Warp Gate  
  28  2:22  Probe  
  29  2:31  Adept  
  31  2:45  Nexus  
  31  2:51  Oracle (Chrono Boost)  
  31  2:58  Probe  
  35  3:07  Pylon  
  35  3:13  Probe  
  36  3:26  Shield Battery  
  34  3:30  Void Ray (Chrono Boost)  
  34  3:31  Probe  
  38  3:39  Shield Battery  
  38  3:43  Probe  
  39  3:51  Gateway  
  39  3:55  Probe  
  45  4:10  Probe, Void Ray (Chrono Boost)  
  45  4:17  Probe (Chrono Boost)  
  45  4:22  Probe (Chrono Boost)  
  47  4:29  Probe (Chrono Boost)  
  48  4:34  Probe (Chrono Boost)  
  48  4:37  Robotics Facility, Probe (Chrono Boost)  
  50  4:38  Probe (Chrono Boost)  
  50  4:41  Shield Battery  
  50  4:44  Probe  
  52  4:49  Probe  
  52  4:50  Pylon  
  53  4:56  Oracle (Chrono Boost)  
  53  4:58  Probe  
  57  5:05  Pylon  
  57  5:08  Gateway  
  57  5:11  Probe  
  57  5:12  Probe  
  59  5:14  Gateway  
  59  5:20  Pylon  
  59  5:24  Sentry, Probe  
  59  5:25  Observer (Chrono Boost)  
  59  5:27  Probe, Assimilator  
  64  5:32  Pylon  
  64  5:46  Immortal  
  69  5:53  Gateway  
  69  5:54  Gateway  
  69  5:55  Twilight Council  
  68  6:16  Probe  
  68  6:17  Probe  
  70  6:23  Gateway  
  70  6:25  Forge  
  70  6:27  Gateway x2  
  70  6:28  Probe  
  70  6:29  Nexus  
  70  6:32  Sentry x2  
  75  6:34  Probe  
  75  6:39  Assimilator  
  75  6:48  Warp Prism (Chrono Boost), Probe  
  75  6:49  Zealot  
  80  6:56  Probe (Chrono Boost)  
  82  7:02  Pylon  
  82  7:04  Probe (Chrono Boost)  
  82  7:08  Probe (Chrono Boost)  
  83  7:15  Probe (Chrono Boost)  
  84  7:17  Zealot  
  84  7:18  Zealot x2  
  84  7:20  Probe  
  91  7:24  Probe  
  92  7:34  Probe  
  93  7:40  Pylon  
  93  7:41  Stalker x4  
  93  7:42  Observer  
  93  7:43  Probe (Chrono Boost)  
  104  7:48  Probe (Chrono Boost)  
  104  7:56  Probe (Chrono Boost)  
  105  8:01  Probe (Chrono Boost)  
  105  8:02  Stalker x5  
  114  8:12  Stalker  
  114  8:13  Stalker x2  
Show
View Real Time Build Order
Export as new Build Order

Reaper Zerg 

Build Orders: Pool First 

Get SALT Encoding   

  12  0:00  Drone  
  13  0:14  Extractor  
  12  0:24  Spawning Pool  
  11  0:29  Drone  
  11  0:32  Drone  
  13  0:36  Drone  
  14  0:47  Overlord  
  14  1:11  Zergling x4  
  14  1:13  Zergling x2  
  14  1:18  Roach Warren  
  16  1:25  Metabolic Boost  
  16  1:38  Overlord  
  16  1:56  Burrow  
  16  1:58  Drone  
  16  1:59  Drone  
  18  2:03  Drone  
  19  2:09  Drone  
  20  2:21  Drone  
  21  2:32  Hatchery  
  19  2:44  Zergling x4  
  21  2:54  Zergling x2  
  22  3:02  Hatchery  
  21  3:19  Drone  
  20  3:23  Queen  
  20  3:24  Spore Crawler  
  21  3:27  Drone  
  22  3:36  Drone x2  
  24  3:46  Drone  
  25  3:58  Drone x3  
  25  4:01  Queen  
  29  4:07  Spore Crawler  
  28  4:11  Queen  
  26  4:25  Drone x5  
  28  4:33  Drone  
  29  4:38  Drone  
  29  4:45  Drone x2  
  31  4:48  Drone  
  32  4:53  Drone x2  
  34  5:03  Drone x4  
  38  5:09  Overlord  
  38  5:12  Drone x2  
  40  5:18  Queen  
  42  5:26  Overlord  
  42  5:27  Overlord  
  42  5:34  Overlord  
  42  5:35  Queen  
  45  5:42  Drone  
  45  5:46  Drone x2  
  47  5:54  Drone  
  47  5:55  Drone x5  
  53  5:59  Queen  
  55  6:10  Spore Crawler  
  52  6:16  Drone  
  52  6:17  Drone x2  
  54  6:20  Extractor  
  54  6:21  Extractor  
  54  6:22  Drone x3, Roach Warren  
  54  6:23  Drone, Evolution Chamber  
  54  6:25  Drone  
  55  6:27  Drone  
  55  6:33  Lair  
  55  6:42  Drone  
  55  6:43  Extractor  
  55  6:44  Drone x3  
  58  6:50  Drone  
  59  6:58  Drone  
  59  6:59  Drone x2  
  63  7:05  Drone x7  
  70  7:10  Baneling Nest  
  70  7:11  Overlord  
  70  7:15  Drone x3  
  72  7:27  Drone x2  
  72  7:28  Extractor  
  72  7:29  Overlord x2  
  74  7:30  Drone x2  
  74  7:35  Drone  
  76  7:37  Hydralisk Den  
  76  7:42  Drone  
  76  7:43  Hatchery  
  75  7:44  Overlord  
  75  7:45  Overlord x2  
  74  7:55  Roach x5  
Tags
 
Add a new tag
Caveats
  • Supply blocks, unpowered buildings, or Contaminate may cause inaccurate times.
  • Supply counts are checked every 10 seconds.